 Dungeon Crawl Stone Soup version 0.28.0-45-g0d030f2227 (webtiles) character file.

Game seed: 2494652969752361084

10672 Zeld the Destroyer (level 11, 0/92 HPs)
             Began as a White Draconian Conjurer on Apr 11, 2022.
             Was a Follower of Vehumet.
             Slain by a cyclops (31 damage)
             ... on level 11 of the Dungeon.
             The game lasted 00:19:57 (20162 turns).

Zeld the Destroyer (White Draconian Conjurer)      Turns: 20162, Time: 00:19:58

Health: 0/92       AC:  9    Str:  9    XL:     11   Next: 39%
Magic:  16/22      EV: 12    Int: 23    God:    Vehumet [*.....]
Gold:   247        SH:  5    Dex: 10    Spells: 9/25 levels left

rFire   + . .      SeeInvis .   t - +8 woodcutter's axe {vorpal}
rCold   + + .      Faith    .   (no shield)
rNeg    . . .      Spirit   .   (armour unavailable)
rPois   +          Reflect  +   (helmet restricted)
rElec   .          Harm     .   q - scarf {rC+ rF+}
rCorr   .          Rampage  .   G - +0 pair of gloves
Will    .....                   z - +0 pair of boots
Stlth   ++........              y - amulet of reflection
HPRegen 0.25/turn               f - ring of poison resistance
MPRegen 0.18/turn               (no ring)

@: no status effects
A: breathe frost, AC +7, unfitting armour, cold resistance 1, cold-blooded
a: Breathe Frost, Renounce Religion


You were on level 11 of the Dungeon.
You worshipped Vehumet.
Vehumet was aware of your devotion.
You visited 2 branches of the dungeon, and saw 12 of its levels.

You collected 536 gold pieces.
You spent 289 gold pieces at shops.

Inventory:

Hand Weapons
 t - the +8 woodcutter's axe (weapon) {vorpal}
   (You took it off a gnoll sergeant on level 6 of the Dungeon)

   It inflicts extra damage upon your enemies.
Armour
 q - a scarf of resistance (worn)
 z - a +0 pair of boots (worn)
 G - a +0 pair of gloves (worn)
Jewellery
 f - a ring of poison resistance (left hand)
 p - a ring of flight
 y - an amulet of reflection (around neck)
 F - a +6 ring of dexterity
Wands
 i - a wand of mindburst (17)
 o - a wand of polymorph (8)
 r - a wand of charming (6)
 u - a wand of flame (21)
 v - a wand of digging (5)
Scrolls
 b - 3 scrolls of fear {unknown}
 c - a scroll of vulnerability {unknown}
 e - 2 scrolls of amnesia
 g - 2 scrolls of noise {unknown}
 h - a scroll of enchant armour {unknown}
 k - a scroll of blinking {unknown}
 l - a scroll of holy word {unknown}
 s - a scroll of identify {unknown}
 w - a scroll of fog {unknown}
 A - 2 scrolls of teleportation {unknown}
 C - 2 scrolls of brand weapon {unknown}
 D - a scroll of magic mapping {unknown}
 E - a scroll of enchant weapon {unknown}
Potions
 a - 2 potions of might
 d - 4 potions of heal wounds {unknown}
 j - 2 potions of magic {unknown}
 m - 3 potions of flight {unknown}
 n - 3 potions of ambrosia {unknown}
 x - a potion of brilliance {unknown}
 B - 2 potions of lignification {unknown}


   Skills:
 + Level 7.6 Fighting
 - Level 2.0 Dodging
 - Level 2.0 Stealth
 + Level 7.5 Spellcasting
 * Level 11.9 Conjurations
 - Level 2.0 Hexes
 - Level 2.0 Translocations
 * Level 8.6 Ice Magic
 + Level 4.9 Evocations


You had 9 spell levels left.
You knew the following spells:

 Your Spells              Type           Power      Damage    Failure   Level
a - Magic Dart            Conj           100%       1d8       1%          1
b - Searing Ray           Conj           100%       2d8       1%          2
c - Fulminant Prism       Conj/Hex       20%        3d13      4%          4
d - Iskenderun's Mystic   Conj/Tloc      40%        2d9       4%          4
e - Iskenderun's Battles  Conj           59%        2d11      1%          5

Your spell library contained the following spells:

 Spells                   Type           Power      Damage    Failure   Level
 Sandblast                Erth           16%        2d6       8%          1
 Dazzling Flash           Conj/Hex       80%        N/A       1%          3
 Flame Wave               Conj/Fire      36%        2d9       6%          4
 Gell's Gravitas          Tloc           17%        N/A       10%         3
 Lesser Beckoning         Tloc           17%        N/A       10%         3
 Portal Projectile        Hex/Tloc       34%        N/A       10%         3
 Teleport Other           Tloc           17%        N/A       10%         3
 Scorch                   Fire           16%        2d6       11%         2
 Call Canine Familiar     Summ           8%         N/A       22%         3
 Leda's Liquefaction      Hex/Erth       6%         N/A       43%         4
 Iron Shot                Conj/Erth      18%        9d4       67%         6
 Spellforged Servitor     Conj/Summ      18%        N/A       99%         7
 Summon Cactus Giant      Summ           4%         N/A       100%        6


Dungeon Overview and Level Annotations

Branches:
Dungeon (11/15)            Temple (1/1) D:7             Orc (0/2) D:10
   Lair: D:8-11

Altars:
Ashenzari
Cheibriados
Dithmenos
Elyvilon
Fedhas
Gozag
Hepliaklqana
Kikubaaqudgha
Makhleb
Nemelex Xobeh
Okawaru
Qazlal
Ru
Sif Muna
Trog
Uskayaw
Vehumet
Wu Jian
Xom
Yredelemnul
Zin
The Shining One

Shops:
D:4 [   D:10 *


Innate Abilities, Weirdness & Mutations

You can breathe waves of freezing cold which knock back foes.
Your icy white scales are hard. (AC +7)
You cannot fit into any form of body armour.
Your flesh is cold resistant. (rC+)
You are cold-blooded and may be slowed by cold attacks.


Message History

A cyclops comes into view.
Found a wand of polymorph (5).
A cyclops is nearby!
Found a rapier.
The cyclops shouts!
The cyclops throws a large rock.
The large rock hits you!!
You start resting.
A cyclops is nearby!
Casting: Searing Ray (safe; 1% risk of failure)
Confirm with . or Enter, or press ? or * to list all spells.
Aiming: Searing Ray (safe; 1% risk of failure)
Press: ? - help, Shift-Dir - straight line, f - cyclops
Aim: a cyclops, quivering large rocks (98% to hit)
The searing ray hits the cyclops!
The cyclops is moderately wounded. (Press . to maintain the ray.)
You block the cyclops's attack.
The searing ray hits the cyclops!
The cyclops is heavily wounded.
The cyclops misses you.
The searing ray hits the cyclops.
The cyclops is heavily wounded.
The searing ray hits the cyclops!
The cyclops is heavily wounded.
You finish channelling your searing ray.
The cyclops hits you!
You slash the cyclops! You tail-slap the cyclops.
The cyclops is almost dead.
The cyclops hits you!!
You are too injured to fight recklessly!
Casting: Searing Ray (safe; 1% risk of failure)
Confirm with . or Enter, or press ? or * to list all spells.
Aiming: Searing Ray (safe; 1% risk of failure)
Press: ? - help, Shift-Dir - straight line, f/p - cyclops
Aim: a cyclops, quivering large rocks (almost dead, 98% to hit)
The searing ray hits the cyclops.
The cyclops is almost dead. (Press . to maintain the ray.)
The cyclops hits you!!
You die...

#. .....#. .# .
#..#.##.#. .# C.
..#.# #..##.##.## #
.... #...(....#.# #
#.## ##......^.. #
#.##..###..#####.##
.## #......#.#.#
... #.#
####.##.##C##.##.#
[.# #.#####.@.....#
#.# #.## #.......#
#.# #..# ##../..##
####.### ##.#
#.....# #...D..#
#.# #.....#
#.##.#.# #.#
####### #.##.#.#
#.###### #....#D#
#......# #..###.#
######.######
#.D###.#


You could see a cyclops.

Vanquished Creatures
  A two-headed ogre (D:6)
  2 trolls (D:10)
  2 hornets
  Prince Ribbit (D:7)
  Grinder (D:6)
  A dream sheep (shapeshifter) (D:9)
  Sigmund (D:2)
  26 yaks
  2 vampire mosquitoes (D:10)
  An acid dragon (D:11)
  2 water moccasins
  4 orc warriors
  2 necrophages
  An ogre (D:4)
  A black bear (D:7)
  4 centaurs
  2 kobold brigands
  The ghost of ChongLi the Gusty, an amateur TeAE (D:3)
  2 bullfrogs
  4 gnoll sergeants (D:6)
  2 wyvern zombies (D:8)
  A water moccasin zombie (D:3)
  A water moccasin skeleton (D:2)
  10 killer bees
  4 wights
  3 electric eels (D:8)
  A howler monkey (D:8)
  3 centaur zombies
  A bullfrog zombie (D:5)
  2 gnoll shamans (D:6)
  3 hounds
  11 orc priests
  2 centaur skeletons (D:7)
  A jelly (D:8)
  Crazy Yiuf (D:2)
  4 bullfrog skeletons
  Terence (D:2)
  3 iguanas
  9 orc wizards
  A killer bee zombie (D:3)
  4 gnolls (D:6)
  A howler monkey skeleton (D:5)
  6 adders
  2 shadow imps
  2 white imps (D:7)
  A worm (D:2)
  A dart slug (D:5)
  27 orcs
  8 endoplasms
  7 giant cockroaches
  11 goblins
  9 hobgoblins
  4 jackals
  A quokka (D:1)
  4 ball pythons
  4 bats (D:3)
  A frilled lizard (D:1)
  9 kobolds
  2 rats
229 creatures vanquished.

Vanquished Creatures (others)
  5 fulminant prisms
5 creatures vanquished.

Grand Total: 234 creatures vanquished

Notes
Turn   | Place    | Note
-------+----------+-------------------------------------------
     0 | D:1      | Zeld the Draconian Conjurer began the quest for the Orb.
     0 | D:1      | Reached XP level 1. HP: 14/14 MP: 3/3
   471 | D:1      | Reached XP level 2. HP: 22/22 MP: 0/5
   563 | D:1      | Learned a level 2 spell: Searing Ray
  1206 | D:2      | Noticed Sigmund
  1427 | D:2      | Reached skill level 1 in Fighting
  1545 | D:2      | Reached XP level 3. HP: 4/29 MP: 0/6
  1545 | D:2      | Reached XP level 4. HP: 5/36 MP: 0/7
  1551 | D:2      | Learned a level 4 spell: Fulminant Prism
  2213 | D:2      | Found a faded altar of an unknown god.
  2449 | D:2      | Found a runed translucent door.
  2450 | D:2      | Noticed Crazy Yiuf
  2541 | D:2      | Noticed Terence
  2622 | D:2      | Killed Terence
  2623 | D:2      | Reached skill level 5 in Conjurations
  3511 | D:3      | Found a transporter.
  3514 | D:3      | Noticed ChongLi's ghost (amateur TeAE)
  3698 | D:3      | Found a transporter.
  3722 | D:3      | Reached XP level 5. HP: 41/41 MP: 3/9
  4116 | D:4      | Found Waluru's Armour Shop.
  4205 | D:4      | Reached skill level 1 in Hexes
  4694 | D:4      | Noticed an ogre
  4699 | D:4      | Killed an ogre
  4700 | D:4      | Reached XP level 6. HP: 50/50 MP: 4/10
  4705 | D:4      | Learned a level 4 spell: Iskenderun's Mystic Blast
  5108 | D:5      | Entered Level 5 of the Dungeon
  5607 | D:5      | Reached skill level 1 in Translocations
  5647 | D:5      | Reached skill level 6 in Conjurations
  6041 | D:5      | Your scales start taking on an icy white colour.
  6041 | D:5      | Reached XP level 7. HP: 52/57 MP: 5/12
  6041 | D:5      | Gained mutation: Your flesh is cold resistant. (rC+) [White
                  | Draconian growth]
  6960 | D:6      | Noticed a two-headed ogre
  7109 | D:6      | Noticed Grinder
  7114 | D:6      | Reached skill level 7 in Conjurations
  7115 | D:6      | Paralysed by Grinder for 3 turns
  7674 | D:6      | Reached XP level 8. HP: 67/67 MP: 6/14
  8901 | D:6      | Found a sacrificial altar of Ru.
  9219 | D:7      | Noticed Prince Ribbit
  9228 | D:7      | Killed Prince Ribbit
  9229 | D:7      | Reached skill level 5 in Fighting
  9229 | D:7      | Reached skill level 8 in Conjurations
  9291 | D:7      | Reached skill level 5 in Spellcasting
  9600 | D:7      | Reached skill level 9 in Conjurations
  9865 | D:7      | Reached XP level 9. HP: 57/74 MP: 13/17
 10184 | D:7      | Found an iron altar of Okawaru.
 10222 | D:7      | Found a staircase to the Ecumenical Temple.
 10278 | Temple   | Entered the Ecumenical Temple
 10478 | Temple   | Became a worshipper of Vehumet
 10987 | D:7      | Reached skill level 1 in Ice Magic
 11311 | D:6      | Killed a two-headed ogre
 11312 | D:6      | Reached skill level 10 in Conjurations
 11312 | D:6      | Reached skill level 1 in Evocations
 11406 | D:6      | Paralysed by Grinder for 6 turns
 11420 | D:6      | Killed Grinder
 12025 | D:3      | Killed ChongLi's ghost
 12340 | D:2      | Killed Crazy Yiuf
 12770 | D:2      | Killed Sigmund
 12962 | D:2      | Found a faded altar of an unknown god.
 13546 | D:8      | Reached XP level 10. HP: 32/83 MP: 15/19
 14012 | D:8      | Reached skill level 5 in Ice Magic
 14139 | D:8      | Learned a level 5 spell: Iskenderun's Battlesphere
 15145 | D:7      | Found an iron altar of Okawaru.
 15195 | D:7      | Found a staircase to the Ecumenical Temple.
 16246 | D:9      | Reached skill level 11 in Conjurations
 16250 | D:9      | Reached * piety under Vehumet
 16250 | D:9      | Offered knowledge of Freeze by Vehumet.
 17159 | D:9      | Noticed a harpy
 17635 | D:10     | Entered Level 10 of the Dungeon
 17667 | D:10     | Found a staircase to the Orcish Mines.
 17905 | D:9      | Noticed a faun
 17927 | D:9      | Reached XP level 11. HP: 51/92 MP: 16/21
 18100 | D:10     | Found Digumut's Assorted Antiques.
 18114 | D:10     | Bought a glowing blue potion for 29 gold pieces
 18114 | D:10     | Bought a golden potion for 29 gold pieces
 18114 | D:10     | Bought a scroll labelled BEBEWNOCSIGH for 33 gold pieces
 18114 | D:10     | Bought a scroll labelled GEATTI RUIRA for 33 gold pieces
 18114 | D:10     | Bought a tubular peridot ring for 165 gold pieces
 19094 | D:10     | Offered knowledge of Sandblast by Vehumet.
 19268 | D:10     | Reached ** piety under Vehumet
 20162 | D:11     | Slain by a cyclops

Illustrated notes

Levels and vault maps discovered:
D:1:      zaba_arrival_water, layout_loops_corners
D:2:      layout_loops_ring, hellmonk_ecumenical_altar_dog_temple, uniq_terence,
          uniq_sigmund, uniq_crazy_yiuf_cottage
D:3:      layout_loops_corners, gammafunk_ghost_mausoleum
D:4:      layout_loops_ring, serial_shops, shop, amethyst_killhole,
          minmay_goblin_outpost
D:5:      layout_basic
D:6:      layout_basic, nicolae_ru_the_path_less_chosen,
          pf_guarded_unrand_woodcutter, uniq_grinder
D:7:      hellmonk_destroyed_diamonds, layout_basic, kennysheep_mini,
          minmay_temple_entry_trees, uniq_prince_ribbit1
D:8:      layout_basic, enter_bailey_2
D:9:      layout_basic
D:10:     layout_roguey, david_orc_3, serial_shops,
          nicolae_shop_overgrown_old_shop, statue_in_the_mist_lemuel,
          corexii_corridor_pit
D:11:     layout_loops_cross, david_lair_shrubbed, ebering_ghost_disaster_area
Temple:   mainiacjoe_temple_big_plus

Skill      XL: |  1  2  3  4  5  6  7  8  9 10 11 |
---------------+----------------------------------+-----
Dodging        | 2 |  2.0
Stealth        | 2 |  2.0
Fighting       | 1 2 3 4 5 7 |  7.6
Conjurations   | 5 6 7 9 10 11 | 11.9
Hexes          | 1 2 |  2.0
Spellcasting   | 3 4 5 6 7 |  7.5
Translocations | 1 2 |  2.0
Ice Magic      | 4 7 8 |  8.6
Evocations     | 2 4 |  4.9

Action                   |  1- 3 |  4- 6 |  7- 9 | 10-12 || total
-------------------------+-------+-------+-------+-------++-------
Melee: Unarmed           |    26 |    12 |    12 |       ||    50
       Tailslap          |     7 |     4 |     6 |    33 ||    50
       War axe           |       |       |    62 |   175 ||   237
       Punch             |       |       |     1 |     2 ||     3
 Cast: Magic Dart        |    46 |   110 |     6 |    24 ||   186
       Searing Ray       |       |    14 |    60 |    34 ||   108
       Iskenderun's Myst |       |       |     5 |    10 ||    15
       Fulminant Prism   |       |       |     1 |     4 ||     5
       Iskenderun's Batt |       |       |       |     4 ||     4
 Abil: Breathe Frost     |       |       |     7 |       ||     7
Evoke: Wand              |       |       |       |     1 ||     1
  Use: Scroll            |       |       |     2 |       ||     2
       Potion            |       |       |       |     4 ||     4
 Stab: Distracted        |       |       |       |     1 ||     1
Armor: Skin              |    10 |    13 |    49 |    66 ||   138
Dodge: Dodged            |    25 |    46 |   108 |   123 ||   302
Block: Other             |       |       |       |    42 ||    42
